 Dungeon Sprint DCSS version 0.17-a0-1719-g1afd5a1 (webtiles) character file.

40909 Kidiri the Unseen (level 13, -8/55 HPs)
             Began as a Spriggan Enchanter on Aug 28, 2015.
             Was the Champion of Dithmenos.
             Mangled by the 27-headed Lernaean hydra (11 damage)
             ... in the Dungeon (Sprint III: "The Ten Rune Challenge").
             The game lasted 00:18:21 (3992 turns).

Kidiri the Unseen (Spriggan Enchanter)              Turns: 3992, Time: 00:18:21

Health: -8/55      AC:  3    Str:  4    XL:     13   Next: 6%
Magic:  30/34      EV: 36    Int: 20    God:    Dithmenos [******]
Gold:   59         SH:  0    Dex: 20    Spells: 8 memorised, 13 levels left

rFire  + . .     SeeInvis +     a - +1 dagger
rCold  x . .     Clarity  .     b - +1 robe
rNeg   . . .     SustAt   .     (shield restricted)
rPois  .         Gourm    .     d - +0 hat {MR+}
rElec  .         Spirit   .     (no cloak)
rCorr  .         Warding  .     (gloves unavailable)
rMut   .         NoTele   +     (boots unavailable)
MR     +++..                    (no amulet)
Stlth  +++++++++.               (no ring)
                                u - ring of fire

@: wreathed by umbra, very quick, extremely resistant to hostile enchantments,
incredibly stealthy
A: unfitting armour, see invisible, agile 1, herbivore 3, speed 3, slow healing
1, slow metabolism 2
a: Shadow Step, Shadow Form, Renounce Religion
}: 1/10 runes: serpentine


You were in the Dungeon.
You worshipped Dithmenos.
Dithmenos was exalted by your worship.
You were not hungry.

You visited 1 branch You collected 59 gold pieces.

Inventory:

Hand weapons
 a - a +1 dagger (weapon)
Missiles
 t - 10 throwing nets (quivered)
Armour
 b - a +1 robe (worn)
 d - a +0 hat of magic resistance (worn)
Jewellery
 u - a ring of fire (left hand)
Magical devices
 m - a wand of confusion (9)
Scrolls
 j - a scroll of blinking
 l - a scroll of torment {unknown}
 n - a scroll of remove curse {unknown}
 q - a scroll of holy word {unknown}
 r - a scroll of enchant weapon {unknown}
 s - a scroll of enchant armour {unknown}
Potions
 e - 5 potions of curing
 g - a potion of haste
 h - 2 potions of magic
 k - 3 potions of might
 p - a potion of brilliance
Books
 c - a book of Maledictions

   Spells                             Type                      Level
   a - Corona                         Hexes                        1
   b - Ensorcelled Hibernation        Hexes/Ice                    2
   c - Confuse                        Hexes                        3
   d - Tukima's Dance                 Hexes                        3
   e - Dazzling Spray                 Conjuration/Hexes            3
 i - a Grand Grimoire

   Spells                             Type                      Level
   a - Monstrous Menagerie            Summoning                    6
   b - Summon Greater Demon           Summoning                    7
   c - Malign Gateway                 Summoning/Translocation      7
   d - Summon Horrible Things         Summoning                    8
Comestibles
 f - 6 fruits
 o - 32 royal jellies


   Skills:
 + Level 11.5 Short Blades
 * Level 19.3 Dodging
 * Level 20.9 Stealth
 * Level 16.9 Spellcasting
 + Level 7.9 Conjurations
 + Level 13.1 Hexes
 + Level 8.0 Summonings
 + Level 12.5 Translocations
 + Level 9.0 Ice Magic
 - Level 3.1 Invocations


You had 13 spell levels left.
You knew the following spells:

 Your Spells              Type           Power        Failure   Level  Hunger
a - Corona                Hex            ######.      0%          1    None
b - Ensorcelled Hibernat  Hex/Ice        ####..       1%          2    None
c - Confuse               Hex            ######..     1%          3    None
d - Tukima's Dance        Hex            ######..     1%          3    None
e - Dazzling Spray        Conj/Hex       ######..     1%          3    None
f - Monstrous Menagerie   Summ           #####.....   21%         6    #####..
g - Malign Gateway        Summ/Tloc      ######....   41%         7    ######.
h - Summon Greater Demon  Summ           #####.....   93%         7    ######.


Dungeon Overview and Level Annotations

Branches:
Dungeon (1/1)

Altars:
Cheibriados
Dithmenos
Elyvilon
Fedhas
Gozag
Kikubaaqudgha
Makhleb
Nemelex Xobeh
Okawaru
Qazlal
Ru
Sif Muna
Trog
Vehumet
Xom
Yredelemnul
Zin
The Shining One
Jiyva
Lugonu

Shops:
D ?(:!}(

Annotations:
D Lernaean hydra


Innate Abilities, Weirdness & Mutations

You are tiny and cannot use many weapons and most armour.
You have supernaturally acute eyesight.
You are a herbivore.
You cover ground extremely quickly.
You need consume almost no food.
You are agile. (Dex +2)
You heal slowly when monsters are visible.


Message History

The 27-headed Lernaean hydra misses you.
The 27-headed Lernaean hydra barely misses you.
The 27-headed Lernaean hydra bites you!
The 27-headed Lernaean hydra completely misses you. x5
The 27-headed Lernaean hydra closely misses you.
The 27-headed Lernaean hydra completely misses you.
The 27-headed Lernaean hydra bites you.
* * * LOW HITPOINT WARNING * * *
The 27-headed Lernaean hydra completely misses you.
The 27-headed Lernaean hydra bites you!
* * * LOW HITPOINT WARNING * * *
The 27-headed Lernaean hydra bites you but does no damage.
The 27-headed Lernaean hydra completely misses you.
The 27-headed Lernaean hydra closely misses you.
The 27-headed Lernaean hydra completely misses you.
The 27-headed Lernaean hydra bites you.
* * * LOW HITPOINT WARNING * * *
The 27-headed Lernaean hydra completely misses you.
The 27-headed Lernaean hydra bites you!
You die...

..........♣
♣..#.##...#≈≈......
...########♣♣
♣♣.##.##.)#≈..+####
≈...........♣
♣♣.##.#####...#....
≈≈..........♣
♣.....##......#♣♣♣.
########'####
########+##########
#.♣♣ #...........
#♣.♣ #...........
♣≈♣♣ ######
###########. ♣♣.♣
#.D@φ# ##..........
♣.♣♣ #...D#
#........... ♣.♣♣
#....# #..#########
♣[.♣♣#...##
#...........
♣♣.♣♣.####♣♣
##..........
♣♣.♣♣≈...≈♣
##########)
♣♣.≈♣♣♣♣♣♣.♣
##..)......)
♣..P[≈.§.§§♣
#∩..).......
♣≈....§§§§.♣
#∩.#########


You could see the 27-headed Lernaean hydra and a five-headed hydra.

Vanquished Creatures
  Rupert (D)
  Gastronok (D)
  A greater naga (D)
  Maud (D)
  2 dire elephants (D)
  2 hydras (D)
  A naga warrior (D)
  Erolcha (D)
  4 death yaks (D)
  A death drake (D)
  A spriggan druid (D)
  A lindwurm (D)
  2 swamp dragons (D)
  2 elephants (D)
  10 black mambas (D)
  2 spiny frogs (D)
  A guardian serpent (D)
  A fire drake (D)
  A queen bee (D)
  A komodo dragon (D)
  3 wandering mushrooms (D)
  A deep elf priest (D)
  8 blink frogs (D)
  A shadow (D)
  2 trapdoor spiders (D)
  4 redbacks (D)
  2 spriggans (D)
  A spatial vortex (D)
  2 hill giants (D)
  2 water moccasins (D)
  2 nagas (D)
  A necrophage (D)
  3 swamp drakes (D)
  2 brain worms (D)
  A scorpion (D)
  A water elemental (D)
  32 killer bees (D)
  An electric eel (D)
  A jelly (D)
  Jessica (D)
  A necromancer (D)
  A wizard (D)
  3 humans (D)
  A kobold demonologist (D)
  2 adders (D)
  2 oozes (D)
  A rat (D)
  2 plants (D)
121 creatures vanquished.

Vanquished Creatures (collateral kills)
  3 two-headed ogres (D)
3 creatures vanquished.

Vanquished Creatures (others)
  2 draconian scorchers (D)
  Nessos (D)
  3 yaktaurs (D)
  9 plants (D)
15 creatures vanquished.

Grand Total: 139 creatures vanquished

Notes
Turn   | Place    | Note
--------------------------------------------------------------
     0 | D        | Kidiri the Spriggan Enchanter began the quest for the Orb.
     0 | D        | Reached XP level 1. HP: 9/9 MP: 5/5
     9 | D        | Reached skill level 5 in Stealth
    11 | D        | Reached XP level 2. HP: 13/13 MP: 5/7
    15 | D        | Learned a level 2 spell: Ensorcelled Hibernation
    30 | D        | Killed a yaktaur
    40 | D        | Noticed Jessica
    44 | D        | Killed Jessica
    44 | D        | Reached skill level 5 in Dodging
    44 | D        | Reached skill level 6 in Stealth
    44 | D        | Reached skill level 1 in Ice Magic
    44 | D        | Reached XP level 3. HP: 16/16 MP: 7/9
    49 | D        | Learned a level 3 spell: Confuse
    53 | D        | Learned a level 3 spell: Tukima's Dance
    98 | D        | Noticed a scorpion
   101 | D        | Killed a scorpion
   101 | D        | Reached skill level 7 in Stealth
   101 | D        | Reached skill level 5 in Spellcasting
   101 | D        | Reached skill level 5 in Hexes
   101 | D        | Reached XP level 4. HP: 21/21 MP: 10/12
   125 | D        | Learned a level 3 spell: Dazzling Spray
   189 | D        | Reached skill level 8 in Stealth
   212 | D        | Gained mutation: You heal slowly when monsters are visible. [potion of mutation]
   212 | D        | Gained mutation: You are agile. (Dex +2) [potion of mutation]
   212 | D        | Gained mutation: You have large cloven feet. [potion of mutation]
   213 | D        | Gained mutation: You can spit weak poison. [potion of mutation]
   213 | D        | Gained mutation: Your spells are a little easier to cast, but a little less powerful. [potion of mutation]
   213 | D        | Gained mutation: You expend magic power (3 MP) to strengthen your wands. [potion of mutation]
   214 | D        | Lost mutation: You have large cloven feet. [potion of cure mutation]
   214 | D        | Lost mutation: You expend magic power (3 MP) to strengthen your wands. [potion of cure mutation]
   214 | D        | Lost mutation: Your spells are a little easier to cast, but a little less powerful. [potion of cure mutation]
   214 | D        | Lost mutation: You can spit weak poison. [potion of cure mutation]
   258 | D        | Noticed a water elemental
   261 | D        | Killed a water elemental
   261 | D        | Reached skill level 1 in Conjurations
   261 | D        | Reached XP level 5. HP: 24/24 MP: 12/14
   270 | D        | Noticed a jelly
   271 | D        | Noticed a shadow
   276 | D        | Killed a white draconian scorcher
   306 | D        | Killed a shadow
   306 | D        | Reached skill level 9 in Dodging
   306 | D        | Reached skill level 10 in Stealth
   306 | D        | Reached XP level 6. HP: 28/28 MP: 4/17
   328 | D        | Killed a white draconian scorcher
   360 | D        | Killed a jelly
   393 | D        | Found a stormy altar of Qazlal.
   393 | D        | Noticed a spatial vortex
   394 | D        | Found a sacrificial altar of Ru.
   394 | D        | Found a burning altar of Makhleb.
   394 | D        | Found a viscous altar of Jiyva.
   394 | D        | Found a shimmering altar of Xom.
   394 | D        | Found a shadowy altar of Dithmenos.
   394 | D        | Found a sparkling altar of Nemelex Xobeh.
   394 | D        | Found a corrupted altar of Lugonu.
   394 | D        | Found an opulent altar of Gozag.
   398 | D        | Became a worshipper of Dithmenos the Shadowed
   433 | D        | Killed a spatial vortex
   433 | D        | Reached skill level 5 in Short Blades
   433 | D        | Reached skill level 11 in Stealth
   433 | D        | Reached skill level 1 in Invocations
   651 | D        | Found a radiant altar of Vehumet.
   652 | D        | Found a deep blue altar of Sif Muna.
   652 | D        | Found an ancient bone altar of Kikubaaqudgha.
   652 | D        | Noticed a wizard
   653 | D        | Killed a wizard
   653 | D        | Reached skill level 10 in Dodging
   655 | D        | Reached XP level 7. HP: 32/32 MP: 20/20
   676 | D        | Learned a level 6 spell: Monstrous Menagerie
   685 | D        | Found a glowing silver altar of Zin.
   686 | D        | Found a glowing golden altar of the Shining One.
   686 | D        | Found a white marble altar of Elyvilon.
   686 | D        | Noticed a deep elf priest
   688 | D        | Killed a deep elf priest
   688 | D        | Reached skill level 1 in Summonings
   700 | D        | Found an iron altar of Okawaru.
   701 | D        | Found a bloodstained altar of Trog.
   701 | D        | Noticed a human
   701 | D        | Noticed a human
   703 | D        | Killed a human
   703 | D        | Reached skill level 12 in Stealth
   710 | D        | Killed a human
   710 | D        | Reached XP level 8. HP: 36/36 MP: 17/22
   738 | D        | Found a snail-covered altar of Cheibriados.
   738 | D        | Noticed a necrophage
   739 | D        | Found a basalt altar of Yredelemnul.
   739 | D        | Found a blossoming altar of Fedhas.
   739 | D        | Noticed a necromancer
   740 | D        | Killed a necrophage
   740 | D        | Acquired Dithmenos's first power
   741 | D        | Killed a necromancer
   754 | D        | Learned a level 7 spell: Malign Gateway
   768 | D        | Noticed a two-headed ogre
   768 | D        | Noticed a two-headed ogre
   771 | D        | Noticed a two-headed ogre
   775 | D        | Killed a two-headed ogre
   775 | D        | Killed a two-headed ogre
   775 | D        | Reached skill level 10 in Spellcasting
   785 | D        | Killed a two-headed ogre
   894 | D        | Noticed a hill giant
   897 | D        | Killed a hill giant
   897 | D        | Acquired Dithmenos's second power
   897 | D        | Reached skill level 13 in Stealth
   897 | D        | Reached skill level 1 in Translocations
   902 | D        | Noticed a hill giant
   902 | D        | Noticed Erolcha
   904 | D        | Killed Erolcha
   904 | D        | Reached XP level 9. HP: 39/39 MP: 24/24
   905 | D        | Killed a hill giant
   905 | D        | Reached skill level 14 in Stealth
   905 | D        | Reached skill level 5 in Ice Magic
   972 | D        | Noticed a redback
   975 | D        | Killed a redback
   975 | D        | Acquired Dithmenos's third power
   992 | D        | Noticed a trapdoor spider
  1012 | D        | Killed a trapdoor spider
  1079 | D        | Killed Nessos
  1080 | D        | Killed a yaktaur
  1125 | D        | Noticed a trapdoor spider
  1135 | D        | Killed a trapdoor spider
  1187 | D        | Noticed a killer bee
  1187 | D        | Noticed a killer bee
  1187 | D        | Noticed a killer bee
  1187 | D        | Noticed a killer bee
  1187 | D        | Noticed a killer bee
  1187 | D        | Noticed a killer bee
  1187 | D        | Noticed a killer bee
  1187 | D        | Noticed a killer bee
  1187 | D        | Noticed a killer bee
  1187 | D        | Noticed a killer bee
  1187 | D        | Noticed a killer bee
  1187 | D        | Noticed a killer bee
  1187 | D        | Noticed a killer bee
  1187 | D        | Noticed a killer bee
  1187 | D        | Noticed a killer bee
  1188 | D        | Noticed a killer bee
  1188 | D        | Noticed a killer bee
  1188 | D        | Noticed a killer bee
  1188 | D        | Noticed a killer bee
  1188 | D        | Noticed a killer bee
  1188 | D        | Noticed a killer bee
  1188 | D        | Noticed a killer bee
  1188 | D        | Noticed a killer bee
  1188 | D        | Noticed a killer bee
  1188 | D        | Noticed a killer bee
  1188 | D        | Noticed a killer bee
  1188 | D        | Noticed a killer bee
  1188 | D        | Noticed a killer bee
  1188 | D        | Noticed a killer bee
  1188 | D        | Noticed a killer bee
  1188 | D        | Noticed a queen bee
  1188 | D        | Noticed a killer bee
  1188 | D        | Noticed a killer bee
  1189 | D        | Killed a killer bee
  1190 | D        | Killed a killer bee
  1195 | D        | Killed a killer bee
  1197 | D        | Killed a killer bee
  1199 | D        | Killed a killer bee
  1199 | D        | Reached skill level 5 in Translocations
  1201 | D        | Killed a killer bee
  1201 | D        | Acquired Dithmenos's fourth power
  1205 | D        | Killed a killer bee
  1207 | D        | Killed a killer bee
  1211 | D        | Killed a killer bee
  1213 | D        | Killed a killer bee
  1215 | D        | Killed a killer bee
  1217 | D        | Killed a killer bee
  1219 | D        | Killed a killer bee
  1221 | D        | Killed a killer bee
  1367 | D        | Killed a killer bee
  1372 | D        | Killed a killer bee
  1374 | D        | Killed a killer bee
  1376 | D        | Killed a killer bee
  1378 | D        | Killed a killer bee
  1382 | D        | Killed a killer bee
  1384 | D        | Killed a killer bee
  1388 | D        | Killed a killer bee
  1521 | D        | Killed a killer bee
  1521 | D        | Reached skill level 15 in Stealth
  1526 | D        | Killed a killer bee
  1531 | D        | Killed a killer bee
  1533 | D        | Killed a killer bee
  1536 | D        | Killed a killer bee
  1539 | D        | Killed a killer bee
  1541 | D        | Killed a killer bee
  1672 | D        | Killed a killer bee
  1672 | D        | Reached XP level 10. HP: 44/44 MP: 22/27
  1676 | D        | Killed a queen bee
  1682 | D        | Killed a killer bee
  1683 | D        | Killed a killer bee
  1759 | D        | Killed a yaktaur
  1828 | D        | Noticed a wandering mushroom
  1829 | D        | Noticed a wandering mushroom
  1829 | D        | Noticed a wandering mushroom
  1830 | D        | Killed a wandering mushroom
  1834 | D        | Killed a wandering mushroom
  1834 | D        | Reached skill level 5 in Conjurations
  1839 | D        | Killed a wandering mushroom
  1848 | D        | Learned a level 7 spell: Summon Greater Demon
  1952 | D        | Noticed a spiny frog
  1952 | D        | Noticed a komodo dragon
  1952 | D        | Noticed a spiny frog
  1955 | D        | Killed a spiny frog
  1955 | D        | Reached skill level 16 in Stealth
  1955 | D        | Reached skill level 10 in Hexes
  1957 | D        | Killed a komodo dragon
  1959 | D        | Killed a spiny frog
  1967 | D        | Noticed a redback
  1972 | D        | Killed a redback
  2058 | D        | Noticed a brain worm
  2062 | D        | Killed a brain worm
  2067 | D        | Noticed a brain worm
  2069 | D        | Killed a brain worm
  2069 | D        | Reached skill level 5 in Summonings
  2073 | D        | Noticed a lindwurm
  2075 | D        | Noticed a redback
  2076 | D        | Killed a lindwurm
  2076 | D        | Reached skill level 15 in Dodging
  2078 | D        | Killed a redback
  2082 | D        | Noticed a redback
  2083 | D        | Killed a redback
  2084 | D        | Noticed Maud
  2088 | D        | Killed Maud
  2088 | D        | Reached skill level 17 in Stealth
  2088 | D        | Reached XP level 11. HP: 47/47 MP: 25/29
  2109 | D        | Noticed an electric eel
  2110 | D        | Noticed an eight-headed hydra
  2110 | D        | Noticed a five-headed hydra
  2111 | D        | Killed an electric eel
  2113 | D        | Killed an eight-headed hydra
  2114 | D        | Killed a five-headed hydra
  2152 | D        | Noticed a death drake
  2155 | D        | Killed a death drake
  2165 | D        | Found a blossoming altar of Fedhas.
  2165 | D        | Noticed a spriggan
  2165 | D        | Noticed a spriggan druid
  2165 | D        | Noticed a spriggan
  2167 | D        | Killed a spriggan druid
  2168 | D        | Killed a spriggan
  2169 | D        | Killed a spriggan
  2193 | D        | Noticed a black mamba
  2194 | D        | Noticed a black mamba
  2194 | D        | Noticed a water moccasin
  2202 | D        | Killed a black mamba
  2209 | D        | Killed a black mamba
  2209 | D        | Reached skill level 18 in Stealth
  2220 | D        | Killed a water moccasin
  2293 | D        | Noticed a black mamba
  2293 | D        | Noticed a black mamba
  2299 | D        | Killed a black mamba
  2301 | D        | Killed a black mamba
  2326 | D        | Noticed a black mamba
  2328 | D        | Killed a black mamba
  2331 | D        | Noticed a black mamba
  2331 | D        | Noticed a water moccasin
  2331 | D        | Noticed a black mamba
  2331 | D        | Noticed a black mamba
  2334 | D        | Killed a black mamba
  2335 | D        | Killed a black mamba
  2335 | D        | Reached skill level 10 in Translocations
  2336 | D        | Killed a black mamba
  2339 | D        | Killed a water moccasin
  2358 | D        | Noticed a naga
  2358 | D        | Noticed a naga
  2359 | D        | Noticed a naga warrior
  2359 | D        | Noticed a greater naga
  2359 | D        | Found Pofuta's Distillery.
  2359 | D        | Found Rarof's Gadget Shoppe.
  2360 | D        | Killed a naga
  2361 | D        | Killed a naga
  2362 | D        | Found Dapp's Antique Weapon Boutique.
  2419 | D        | Killed a greater naga
  2419 | D        | Reached skill level 10 in Short Blades
  2419 | D        | Reached skill level 15 in Spellcasting
  2421 | D        | Killed a naga warrior
  2421 | D        | Reached skill level 19 in Stealth
  2421 | D        | Reached XP level 12. HP: 28/51 MP: 13/32
  2565 | D        | Noticed a guardian serpent
  2568 | D        | Killed a guardian serpent
  2570 | D        | Got a serpentine rune of Zot
  2653 | D        | Noticed a swamp drake
  2653 | D        | Noticed a fire drake
  2654 | D        | Killed a fire drake
  2656 | D        | Killed a swamp drake
  2666 | D        | Noticed a blink frog
  2666 | D        | Noticed a blink frog
  2666 | D        | Noticed a blink frog
  2666 | D        | Noticed a blink frog
  2666 | D        | Noticed a blink frog
  2669 | D        | Killed a blink frog
  2673 | D        | Killed a blink frog
  2676 | D        | Killed a blink frog
  2677 | D        | Killed a blink frog
  2680 | D        | Killed a blink frog
  2720 | D        | Noticed Rupert
  2722 | D        | Killed Rupert
  2746 | D        | Noticed a death yak
  2747 | D        | Noticed a death yak
  2747 | D        | Noticed a blink frog
  2748 | D        | Noticed an azure jelly
  2748 | D        | Noticed a death yak
  2748 | D        | Noticed an azure jelly
  2748 | D        | Noticed a blink frog
  2748 | D        | Noticed a death yak
  2749 | D        | Killed a death yak
  2750 | D        | Killed a blink frog
  2751 | D        | Noticed a blink frog
  2756 | D        | Killed a death yak
  2765 | D        | Killed a death yak
  2778 | D        | Killed a blink frog
  2778 | D        | Reached skill level 20 in Stealth
  2793 | D        | Killed a blink frog
  2814 | D        | Noticed a black mamba
  2839 | D        | Noticed a black mamba
  2840 | D        | Killed a black mamba
  2855 | D        | Killed a death yak
  3019 | D        | Killed a black mamba
  3108 | D        | Noticed a swamp drake
  3110 | D        | Killed a swamp drake
  3113 | D        | Noticed a swamp drake
  3114 | D        | Noticed a swamp dragon
  3114 | D        | Found Qautto's Magic Scroll Shoppe.
  3115 | D        | Noticed a swamp dragon
  3117 | D        | Found Fogaxt's Antique Weapon Boutique.
  3118 | D        | Killed a swamp drake
  3120 | D        | Found Tuxaa's Book Emporium.
  3131 | D        | Killed a swamp dragon
  3138 | D        | Killed a swamp dragon
  3187 | D        | Noticed a five-headed hydra
  3187 | D        | Noticed the 27-headed Lernaean hydra
  3237 | D        | Noticed an azure jelly
  3237 | D        | Noticed an azure jelly
  3238 | D        | Noticed an elephant
  3238 | D        | Noticed an elephant
  3238 | D        | Noticed a dire elephant
  3238 | D        | Noticed a dire elephant
  3238 | D        | Noticed Gastronok
  3263 | D        | Killed Gastronok
  3655 | D        | Killed a dire elephant
  3658 | D        | Killed an elephant
  3658 | D        | Reached XP level 13. HP: 36/55 MP: 21/34
  3661 | D        | Killed an elephant
  3785 | D        | Killed a dire elephant
  3992 | D        | Mangled by the 27-headed Lernaean hydra

Vault maps used:
D:        dungeon_sprint_mu

Action                   |  1- 3 |  4- 6 |  7- 9 | 10-12 | 13-15 || total
-------------------------+-------+-------+-------+-------+-------++-------
Melee: Dagger            |     6 |    25 |    69 |    88 |     1 ||   189
 Cast: Ensorcelled Hiber |     1 |     6 |    40 |    23 |     1 ||    71
       Dazzling Spray    |       |     9 |     6 |    68 |    11 ||    94
       Confuse           |       |       |     3 |     1 |       ||     4
       Tukima's Dance    |       |       |     6 |     3 |       ||     9
Invok: Shadow Step       |       |       |     3 |    13 |     1 ||    17
  Use: Potion            |       |     4 |     2 |     1 |       ||     7
       Scroll            |       |     2 |       |       |       ||     2
 Stab: Sleeping          |     5 |     5 |    38 |    51 |     1 ||   100
       Confused          |       |       |     4 |       |       ||     4
       Invisible         |       |       |       |     8 |       ||     8
  Eat: Bread ration      |       |       |       |     1 |       ||     1
